 Dungeon Crawl Stone Soup version 0.23.2-1-ga50397a6bc (webtiles) character file.

Game seed: 8237526011532587059

1532 Norn the Digger (level 8, 0/54 HPs)
             Began as an Octopode Earth Elementalist on May 3, 2019.
             Slain by a killer bee (8 damage)
             ... on level 7 of the Dungeon.
             The game lasted 00:17:42 (7065 turns).

Norn the Digger (Octopode Earth Elementalist)       Turns: 7065, Time: 00:17:43

Health: 0/54       AC:  1    Str:  8    XL:     8   Next: 85%
Magic:  4/15       EV: 14    Int: 19    God:
Gold:   298        SH:  0    Dex: 12    Spells: 12/17 levels left

rFire    . . .     SeeInvis .   k - +2 dagger (venom)
rCold    . . .     Gourm    .   (no shield)
rNeg     . . .     Faith    .   (helmet restricted)
rPois    .         Spirit   .   (no amulet)
rElec    .         Reflect  .   (no ring)
rCorr    .         Harm     .   (no ring)
MR       .....                  (no ring)
Stlth    +++.......             (no ring)
HPRegen  0.18/turn              (no ring)
MPRegen  0.14/turn              (no ring)
                                (no ring)
                                (no ring)

@: no status effects
A: almost no armour, stealthy swim, amphibious, 8 rings, constrict 8, camouflage
1, gelatinous body 1
a: no special abilities


You were on level 7 of the Dungeon.
You were very hungry.

You visited 1 branch of the dungeon, and saw 6 of its levels.

You collected 298 gold pieces.

Inventory:

Hand Weapons
 c - a +3 dagger of protection
   (You took it off a goblin on level 1 of the Dungeon)
 k - a +2 dagger of venom (weapon)
   (You took it off a goblin on level 2 of the Dungeon)
 p - the cursed +1 falchion of a Gauntlet {venom, +Inv}
   (You found it on level 4 of the Dungeon)

   It poisons the flesh of those it strikes.
   It lets you turn invisible.
   It has a curse placed upon it.
Missiles
 b - 161 stones (quivered)
Wands
 s - a wand of enslavement (10)
   (You found it on level 5 of the Dungeon)
 t - a wand of flame (22)
   (You found it on level 3 of the Dungeon)
 x - a wand of acid (10)
   (You took it off Ijyb on level 3 of the Dungeon)
Scrolls
 a - a scroll of magic mapping {unknown}
 d - a scroll of fog {unknown}
 g - 5 scrolls of remove curse {unknown}
 l - 4 scrolls of teleportation {unknown}
 n - a scroll of enchant weapon {unknown}
 o - a scroll of immolation {!r}
 u - 7 scrolls of identify {@r1}
Potions
 f - 2 potions of curing {@q1}
 h - 2 potions of cancellation
 i - 2 potions of lignification {!q}
 j - 3 potions of flight
 m - a potion of agility
 q - 2 potions of berserk rage {unknown}
 r - 2 potions of haste {unknown}
Comestibles
 e - 13 rations {!d}


   Skills:
 + Level 4.9 Fighting
 + Level 3.9 Dodging
 - Level 2.6 Stealth
 + Level 5.0 Spellcasting
   Level 1.0 Transmutations
 * Level 7.8 Earth Magic


You had 12 spell levels left.
You knew the following spells:

 Your Spells              Type           Power        Failure   Level  Hunger
a - Sandblast             Erth           ####..       1%          1    None
n - Summon Butterflies    Summ           #.......     12%         1    None
x - Stone Arrow           Conj/Erth      ###...       8%          3    ##.....

Your spell library contained the following spells:

 Spells                   Type           Power        Failure   Level  Hunger
 Passwall                 Tmut/Erth      ###.....     3%          2    #......
 Beastly Appendage        Tmut           #.....       9%          1    None
 Lee's Rapid Deconstruct  Erth           ####......   14%         5    ######.
 Petrify                  Tmut/Erth      ###.....     21%         4    ####...
 Blade Hands              Tmut           #.........   92%         5    ######.
 Yara's Violent Unravell  Hex/Tmut       #.........   95%         5    ######.
 Summon Hydra             Summ           #.........   100%        7    #######


Dungeon Overview and Level Annotations

Branches:
Dungeon (5/15)
 Temple: D:4-7

Altars:
Ashenzari
Fedhas
Gozag
Nemelex Xobeh
Okawaru
Trog
Wu Jian
Zin

Shops:
D:4 *   D:5 :


Innate Abilities, Weirdness & Mutations

You cannot wear most types of armour.
You are very stealthy in the water. (Stealth+)
You are amphibious.
You can wear up to eight rings at the same time.
You can use your tentacles to constrict eight enemies at once.
Your skin changes colour to match your surroundings (Stealth+).
Your rubbery body absorbs attacks. (AC +1, EV +1)


Message History

A steam dragon comes into view.
You closely miss the killer bee.
The steam dragon hisses angrily.
The killer bee buzzes angrily.
You grab the killer bee. You constrict the killer bee.
You feel sick. The killer bee stings you. The killer bee stings you!
You closely miss the killer bee. You constrict the killer bee.
You kill the killer bee!
You feel sick. The killer bee closely misses you. The steam dragon bites you!
* * * LOW HITPOINT WARNING * * *
The steam dragon misses you.
You hit the killer bee.
The killer bee is poisoned.
Your grab misses the killer bee.
You feel sick. The killer bee stings you!
* * * LOW HITPOINT WARNING * * *
The killer bee closely misses you. The steam dragon barely misses you.
The steam dragon misses you. The killer bee closely misses you.
The killer bee misses you.
You feel sick. The killer bee stings you.
* * * LOW HITPOINT WARNING * * *
The killer bee misses you.
You feel better.
A killer bee comes into view.
The killer bee barely misses you. The killer bee stings you.
* * * LOW HITPOINT WARNING * * *
You kill the killer bee!
Your Spellcasting skill increases to level 5!
The steam dragon bites you.
* * * LOW HITPOINT WARNING * * *
The steam dragon misses you.
The killer bee buzzes angrily.
A quokka zombie comes into view.
The killer bee barely misses you. The killer bee stings you!
* * * LOW HITPOINT WARNING * * *
You are poisoned.
The killer bee poisons you!
You feel sick. The killer bee stings you.
* * * LOW HITPOINT WARNING * * *
You feel better. The killer bee barely misses you.
The killer bee completely misses you.
A hound zombie comes into view.
You miss the killer bee. Your grab misses the killer bee.
The killer bee barely misses you.
A killer bee comes into view.
The killer bee misses you.
You barely miss the killer bee.
The killer bee buzzes angrily.
Your grab misses the killer bee. Your squeeze misses the killer bee.
The killer bee barely misses you. The killer bee stings you!
* * * LOW HITPOINT WARNING * * *
You feel better. The killer bee stings you!
You die...

##.......#
#>..###.#####
##....#......
#Z##....#
#.#####.# # #.#
.# #≈ #.#
#≈.#####.#
#≈...†##@#
##≈.†..#y###...
#≈.8...DZ...#
#≈≈...#..####
##≈§.##..#
#####..## ...
.## ..


You could see a steam dragon, a killer bee, a quokka zombie and a hound zombie.

Vanquished Creatures
  A steam dragon (D:7)
  3 ogres
  A phantom (D:5)
  2 bullfrogs (D:7)
  2 killer bees (D:7)
  3 wights (D:5)
  A crimson imp (D:5)
  A bullfrog skeleton (D:7)
  2 hounds
  A jelly (D:7)
  2 orc priests
  An orc wizard (D:5)
  A centaur skeleton (D:4)
  An iguana (D:5)
  Ijyb (D:3)
  7 worker ants
  6 gnolls
  6 adders
  2 shadow imps (D:5)
  An ooze (D:1)
  A worm (D:2)
  4 dart slugs
  2 leopard geckos
  8 orcs
  A ball python (D:1)
  8 giant cockroaches
  22 goblins
  5 hobgoblins
  7 jackals
  2 quokkas
  5 bats
  7 frilled lizards
  A jackal skeleton (D:3)
  7 kobolds
  2 leopard gecko skeletons
  8 rats
135 creatures vanquished.

Notes
Turn   | Place    | Note
-------+----------+-------------------------------------------
     0 | D:1      | Norn the Octopode Earth Elementalist began the quest for
                  | the Orb.
     0 | D:1      | Reached XP level 1. HP: 11/11 MP: 3/3
   124 | D:1      | Reached XP level 2. HP: 18/18 MP: 1/5
   294 | D:1      | Reached skill level 1 in Fighting
   305 | D:1      | Reached XP level 3. HP: 23/23 MP: 0/6
   568 | D:1      | Learned a level 3 spell: Stone Arrow
  1605 | D:2      | Reached skill level 4 in Earth Magic
  1605 | D:2      | Reached XP level 4. HP: 22/28 MP: 3/7
  2268 | D:3      | Reached XP level 5. HP: 26/34 MP: 1/9
  2457 | D:3      | Noticed Ijyb
  2516 | D:3      | Killed Ijyb
  3256 | D:3      | Reached skill level 5 in Earth Magic
  3256 | D:3      | Reached XP level 6. HP: 31/41 MP: 0/10
  3923 | D:3      | Found a sparkling altar of Nemelex Xobeh.
  4381 | D:4      | Got a bloodstained falchion
  4382 | D:4      | Identified the cursed +1 falchion of a Gauntlet {venom,
                  | +Inv} (You found it on level 4 of the Dungeon)
  4478 | D:4      | Found Rintir's Assorted Antiques.
  4679 | D:4      | Found a bloodstained altar of Trog.
  4679 | D:4      | Found an iron altar of Okawaru.
  4812 | D:3      | Reached XP level 7. HP: 29/46 MP: 7/12
  5080 | D:4      | Found a glowing silver altar of Zin.
  5376 | D:4      | Reached skill level 6 in Earth Magic
  5631 | D:4      | Identified Sif Muna's Collected Works on Companions and
                  | Transmutation
  5754 | D:4      | Learned a level 1 spell: Summon Butterflies
  5766 | D:5      | Entered Level 5 of the Dungeon
  5821 | D:5      | Found an opulent altar of Gozag.
  5879 | D:5      | Found a blossoming altar of Fedhas.
  5883 | D:5      | Found an ornate altar of the Wu Jian Council.
  6037 | D:5      | Found a shattered altar of Ashenzari.
  6482 | D:5      | Reached XP level 8. HP: 54/54 MP: 10/14
  6512 | D:5      | Reached skill level 7 in Earth Magic
  6664 | D:5      | Found Ynkosh's Book Shoppe.
  6697 | D:5      | You fall through a shaft for 2 floors!
  7059 | D:7      | Reached skill level 5 in Spellcasting
  7061 | D:7      | HP: 2/54 [killer bee (5)]
  7065 | D:7      | Slain by a killer bee

Skill      XL: |  1  2  3  4  5  6  7  8 |
---------------+-------------------------+-----
Fighting       | 1 2 3 4 |  4.9
Earth Magic    | 4 5 6 7 |  7.8
Spellcasting   | 3 4 5 |  5.0
Dodging        | 3 |  3.9
Stealth        | |  2.6
Transmutations | |  1.0

Action                   |  1- 3 |  4- 6 |  7- 9 || total
-------------------------+-------+-------+-------++-------
Melee: Unarmed           |     2 |       |       ||     2
       Dagger            |    18 |    57 |    19 ||    94
       Constrict         |     5 |    15 |     6 ||    26
       Tentacles         |     2 |    14 |     3 ||    19
 Cast: Sandblast         |    21 |    72 |    36 ||   129
       Stone Arrow       |    14 |    18 |    31 ||    63
  Use: Scroll            |       |     6 |       ||     6
       Potion            |       |       |     3 ||     3
 Stab: Sleeping          |     2 |     1 |       ||     3
       Distracted        |       |     1 |       ||     1
  Eat: Chunk             |     3 |    13 |     8 ||    24
Armor: Skin              |     3 |    11 |     1 ||    15
Dodge: Dodged            |    16 |    46 |    33 ||    95
